 Dungeon Crawl Stone Soup version 0.32-a0-918-g0f22ef8d61 (webtiles) character file.

Game seed: 2748212337677440374

135508 Aldia the Fighter (level 17, -21/151 HPs)
             Began as a Formicid Fighter on Apr 12, 2024.
             Was a High Priest of Qazlal.
             Killed from afar by an ironbound thunderhulk (47 damage)
             ... with a bolt of lightning
             ... on level 13 of the Dungeon.
             The game lasted 00:35:31 (20153 turns).

Aldia the Fighter (Formicid Fighter)               Turns: 20153, Time: 00:35:31

Health: -21/151    AC: 30    Str: 27    XL:     17   Next: 78%
Magic:  0/25       EV:  9    Int:  9    God:    Qazlal [*****.]
Gold:   1853       SH: 22    Dex: 19    Spells: 13/16 levels left

rFire   + . .        P - +5 great mace (freeze)
rCold   + . .        n - +2 kite shield
rNeg    + . .        S - +0 plate armour
rPois   .            (helmet unavailable)
rElec   .            H - +2 cloak
rCorr   .            (no gloves)
SInv    +            b - +2 pair of boots
Will    +....        V - amulet of guardian spirit Stlth
                     u - ring "Laexain" {rF+ rC+ rN+ Str+3 Dex+2}
HPRegen 0.45/turn    C - +4 ring of protection
MPRegen 0.19/turn

%: repel missiles, guardian spirit
@: protected from physical damage, studying Dodging
A: permanent stasis, dig shafts and tunnels, antennae 3, four strong arms,
robust 1
a: Dig, Shaft Self, Renounce Religion, Upheaval, Elemental Force, Disaster Area


You were on level 13 of the Dungeon.
You worshipped Qazlal.
Qazlal was extremely pleased with you.
You visited 4 branches of the dungeon, and saw 21 of its levels.
You also visited: Ossuary.

You collected 2306 gold pieces.
You spent 453 gold pieces at shops.

Inventory:

Hand Weapons
 a - the +1 great mace of the Salmon {vamp, rC++}
   (You bought it in a shop on level 2 of the Orcish Mines)

   rC++:      It greatly protects you from cold.
 G - a +4 quarterstaff of chaos
 P - a +5 great mace of freezing (weapon)
Missiles
 B - 8 curare-tipped darts
Armour
 b - a +2 pair of boots (worn)
 n - a +2 kite shield (worn)
 H - a +2 cloak (worn)
 S - a +0 plate armour (worn)
Jewellery
 k - a ring of wizardry
 u - the ring "Laexain" (left hand) {rF+ rC+ rN+ Str+3 Dex+2}
   (You found it on level 3 of the Dungeon)

   [ring of protection from fire]

   Str+3:     It affects your strength (+3).
   Dex+2:     It affects your dexterity (+2).
   rF+:       It protects you from fire.
   rC+:       It protects you from cold.
   rN+:       It protects you from negative energy.
 y - a ring of positive energy
 z - a ring of protection from fire
 C - a +4 ring of protection (right hand)
 L - a ring of protection from cold
 T - a ring of fire
 V - an amulet of guardian spirit (around neck)
 W - a ring of wizardry
Talismans
 A - a beast talisman
Wands
 s - a wand of mindburst (19)
 E - a wand of polymorph (4)
 J - a wand of paralysis (4)
 M - a wand of roots (14)
 R - a wand of digging (5)
 X - a wand of quicksilver (3)
Scrolls
 c - 2 scrolls of identify
 i - 3 scrolls of amnesia
 o - a scroll of butterflies
 q - 4 scrolls of immolation
 r - 2 scrolls of fear
 t - 3 scrolls of noise
 w - a scroll of vulnerability
 K - a scroll of silence
 Q - a scroll of fog
 U - 5 scrolls of enchant armour
Potions
 d - 3 potions of might
 e - 3 potions of enlightenment
 g - 4 potions of brilliance
 h - 2 potions of lignification
 j - a potion of heal wounds
 l - a potion of mutation
 m - 3 potions of invisibility
 p - 9 potions of curing
 v - 2 potions of ambrosia
 x - 2 potions of attraction
 I - 2 potions of magic
 Y - a potion of cancellation
 Z - a potion of resistance


   Skills:
 + Level 13.7 Fighting
 - Level 13.3(15.0) Maces & Flails
 - Level 11.4(14.0) Staves
 - Level 13.5 Armour
 + Level 5.4 Dodging
 * Level 12.7 Shields
 + Level 11.8 Invocations


You had 13 spell levels left.
You knew the following spells:

 Your Spells              Type           Power      Damage    Failure   Level
a - Fugue of the Fallen   Necr           0%         N/A       100%        3

Your spell library contained the following spells:

 Spells                   Type           Power      Damage    Failure   Level
 Apportation              Tloc           0%         N/A       99%         1
 Necrotise                Necr           0%         1d4       99%         1
 Sandblast                Erth           0%         2d4       99%         1
 Shock                    Conj/Air       0%         1d3       99%         1
 Sting                    Conj/Alch      0%         1d3       99%         1
 Summon Small Mammal      Summ           0%         N/A       99%         1
 Jinxbite                 Hex            0%         N/A       100%        2
 Static Discharge         Conj/Air       0%         3-3/arc   100%        2
 Ozocubu's Armour         Ice            0%         N/A       100%        3
 Sigil of Binding         Hex            0%         N/A       100%        3
 Stone Arrow              Conj/Erth      0%         3d7       100%        3
 Airstrike                Air            0%         2d(0-16)  100%        4
 Brom's Barrelling Bould  Conj/Erth      0%         2d3       100%        4
 Summon Lightning Spire   Summ/Air       0%         N/A       100%        4
 Arcjolt                  Conj/Air       0%         1d10      100%        5
 Summon Forest            Summ/Tloc      0%         N/A       100%        5
 Summon Mana Viper        Hex/Summ       0%         N/A       100%        5
 Yara's Violent Unravell  Hex/Alch       0%         3d3       100%        5
 Death Channel            Necr           0%         N/A       100%        6
 Dispersal                Tloc           0%         N/A       100%        6
 Gell's Gavotte           Tloc           0%         2d(11-16) 100%        6
 Plasma Beam              Fire/Air       0%         2x1d10    100%        6
 Sculpt Simulacrum        Ice/Alch       0%         N/A       100%        6
 Summon Cactus Giant      Summ           0%         N/A       100%        6
 Enfeeble                 Hex            0%         N/A       100%        7
 Manifold Assault         Tloc           0%         N/A       100%        7
 Disjunction              Tloc           0%         N/A       100%        8
 Swiftness                Air            Unusable   N/A       N/A         3
 Vhi's Electric Charge    Tloc/Air       Unusable   N/A       N/A         4

Dungeon Overview and Level Annotations

Branches:
Dungeon (13/15)            Temple (1/1) D:4            Lair (5/5) D:11
 Shoals (0/4) Lair:2        Snake (0/4) Lair:3        Slime (0/5) Lair:4
    Orc (2/2) D:9             Elf (0/3) Orc:2       Ossuary (visited)
 Vaults: D:13-14

Altars:
Ashenzari
Cheibriados
Dithmenos
Elyvilon
Fedhas
Gozag
Hepliaklqana
Kikubaaqudgha
Makhleb
Nemelex Xobeh
Okawaru
Qazlal
Ru
Sif Muna
Trog
Uskayaw
Vehumet
Wu Jian
Xom
Yredelemnul
Zin
The Shining One
Beogh
Jiyva

Shops:
D:8 *   Orc:2 (*?[

Annotations:
D:7 2 transporters
D:11 3 runed translucent doors, AutarchDCSS's ghost, journeyman DrCK
Orc:2 1 runed translucent door, olddryhag's ghost, journeyman MDFE


Innate Abilities, Weirdness & Mutations

You cannot be hasted, slowed, berserked, paralysed or teleported.
You can dig through walls and to a lower floor.
You have a pair of large antennae on your head. (SInv)
Your four strong arms can wield two-handed weapons with a shield.
You are robust. (+10% HP)


Message History

The ironbound thunderhulk is heavily wounded.
The ironbound thunderhulk hits you with a +0 dire flail.
* * * LOW HITPOINT WARNING * * *
You feel more protected from physical attacks.
You bludgeon the ironbound thunderhulk!!
You freeze the ironbound thunderhulk!
The ironbound thunderhulk is severely wounded.
The ironbound thunderhulk hits you but does no damage.
You closely miss the ironbound thunderhulk.
The ironbound thunderhulk is severely wounded.
You sock the ironbound thunderhulk! You freeze the ironbound thunderhulk.
The ironbound thunderhulk is almost dead.
The ironbound thunderhulk hits you with a +0 dire flail!!
* * * LOW HITPOINT WARNING * * *
You closely miss the ironbound thunderhulk.
The ironbound thunderhulk is almost dead.
Strange energies crackle from the ironbound thunderhulk's apparatus.
The ironbound thunderhulk blinks!
You don't have enough magic at the moment.
Aiming: Fastroot
Press: ? - help, Shift-Dir - straight line, p - ironbound thunderhulk The roots erupt in riotous growth!
Roots grab the ironbound thunderhulk.
Roots grab the cyclops.
The grasping roots constrict the ironbound thunderhulk!
The grasping roots constrict the cyclops.
Strange energies crackle from the ironbound thunderhulk's apparatus.
The ironbound thunderhulk blinks free of the roots.
The ironbound thunderhulk blinks free!
The cyclops escapes!
Unknown command.
Unknown command.
Unknown command.
Unknown command.
You bludgeon the cyclops!! You freeze the cyclops!
The cyclops is severely wounded.
You sock the cyclops! You freeze the cyclops.
You kill the cyclops!
Qazlal accepts your kill.
Electricity crackles from the ironbound thunderhulk's apparatus.
The bolt of lightning hits you!!!
You die...

#.# #... #.#
##.O. #.# #....
#.# #....,#.#
###''' #)# #...§.
#.# ##....§##[#
....O..(@.#######
#.#######).......
#.####### #.# #.#
.#######.#
..)......#
.#######.#
#.#######


You could see an ironbound thunderhulk.

Vanquished Creatures
  Kirke (D:13)
  Snorg (D:11)
  2 fire dragons (Lair:5)
  4 hydras
  2 vault guards (D:13)
  A centaur warrior (D:13)
  2 boulder beetles
  A tengu warrior (D:13)
  Urug (Lair:3)
  4 orc high priests
  2 skysharks (Lair:5)
  2 arcanists (D:12)
  A lindwurm (Lair:5)
  A swamp dragon (Lair:5)
  Pikel (D:4)
  5 orc knights (Orc:2)
  2 deep elf pyromancers (D:12)
  4 orc sorcerers (Orc:2)
  An ugly thing (D:12)
  2 cyclopes
  Maurice (D:7)
  11 elephants
  5 torpor snails (Lair:5)
  5 kobold blastminers (Orc:2)
  A gargoyle (D:12)
  4 black mambas
  12 cane toads
  A kobold demonologist (D:11)
  6 rime drakes
  Jeremiah (D:7)
  10 komodo dragons
  An efreet (D:13)
  A tengu conjurer (D:13)
  4 tyrant leeches (Lair:5)
  4 polar bears
  8 hornets
  6 trolls
  10 blink frogs (Lair:4)
  5 dream sheep (Lair:4)
  3 slime creatures (D:12)
  3 shadows
  5 wraiths
  A vampire (D:12)
  5 fire bats
  2 humans
  3 wargs
  2 wyverns
  6 basilisks
  3 fire elementals
  50 yaks
  2 hogs (D:13)
  4 steam dragons
  9 vampire mosquitoes
  Edmund (D:5)
  3 acid dragons
  14 water moccasins
  A swamp drake (Lair:5)
  2 ice beasts
  2 black bears (D:7)
  19 orc warriors
  2 sky beasts
  2 ogres
  20 wolves
  2 centaurs
  2 lemures (D:3)
  2 kobold brigands
  A phantom (D:6)
  14 bullfrogs
  4 scorpions
  10 wights
  6 killer bees
  4 electric eels (Lair:2)
  2 lava snakes (Lair:5)
  9 howler monkeys
  A bombardier beetle (D:5)
  3 jellies
  2 centaur zombies (Ossuary)
  Crazy Yiuf (D:5)
  23 orc priests
  3 hounds
  3 human zombies (Ossuary)
  A sleepcap (D:5)
  7 iguanas
  22 orc wizards
  6 scorpion zombies (Ossuary)
  3 mummies (Ossuary)
  8 adders
  A white imp (D:7)
  An adder zombie (Ossuary)
  3 dart slugs
  4 ribbon worms
  49 orcs
  5 ball pythons
  6 endoplasms
  3 giant cockroaches
  6 gnoll zombies (Ossuary)
  7 hobgoblins
  6 jackals
  A quokka (D:1)
  A ball python zombie (Ossuary)
  9 bats
  2 frilled lizards
  8 goblins
  2 jackal zombies (Ossuary)
  12 kobolds
  3 rats
568 creatures vanquished.

Vanquished Creatures (collateral kills)
  A blink frog (Lair:4)
  3 yaks
  A wyvern (D:9)
  2 orc warriors (Orc:1)
  3 orc priests
  2 orc wizards (D:9)
  6 orcs
  A kobold (D:9)
19 creatures vanquished.

Vanquished Creatures (others)
  An orc warlord (Orc:2)
  A cyclops (D:13)
  A yak (D:7)
  An orc warrior (Orc:2)
  4 orcs
8 creatures vanquished.

Grand Total: 595 creatures vanquished

Notes
Turn   | Place    | Note
-------+----------+-------------------------------------------
     0 | D:1      | Aldia the Formicid Fighter began the quest for the Orb.
     0 | D:1      | Reached XP level 1. HP: 18/18 MP: 1/1
   101 | D:1      | Reached XP level 2. HP: 18/24 MP: 2/2
   757 | D:2      | Reached XP level 3. HP: 22/29 MP: 3/3
  1249 | D:2      | Reached XP level 4. HP: 37/37 MP: 4/4
  1601 | D:3      | Found a stormy altar of Qazlal.
  1601 | D:3      | Noticed a sky beast
  1621 | D:3      | Killed a sky beast
  1622 | D:3      | Reached XP level 5. HP: 42/42 MP: 5/5
  1683 | D:3      | Became a worshipper of Qazlal Stormbringer
  1722 | D:3      | Identified the ring "Laexain" {rF+ rC+ rN+ Str+3 Dex+2}
  1828 | D:3      | Found a glowing golden altar of the Shining One.
  2075 | D:3      | Found an iron altar of Okawaru.
  2079 | D:3      | Found a hazy altar of Hepliaklqana.
  2082 | D:3      | Found a broken altar of Ashenzari.
  2103 | D:3      | Found a faded altar of an unknown god.
  2331 | D:4      | Reached XP level 6. HP: 40/49 MP: 6/6
  2346 | D:4      | Reached skill level 1 in Invocations
  2542 | D:4      | Found a sacrificial altar of Ru.
  2671 | D:4      | Found a staircase to the Ecumenical Temple.
  2730 | Temple   | Entered the Ecumenical Temple
  2801 | D:4      | Noticed Pikel
  2931 | D:3      | Reached XP level 7. HP: 17/55 MP: 8/8
  3052 | D:4      | Reached skill level 5 in Staves
  3376 | D:4      | Killed Pikel
  3377 | D:4      | Reached skill level 5 in Fighting
  3377 | D:4      | Reached skill level 5 in Armour
  3377 | D:4      | Reached XP level 8. HP: 34/63 MP: 8/10
  3717 | D:5      | Entered Level 5 of the Dungeon
  3773 | D:5      | Found a runed translucent door.
  3774 | D:5      | Noticed Crazy Yiuf
  3779 | D:5      | Killed Crazy Yiuf
  4008 | D:5      | Noticed Edmund
  4017 | D:5      | Killed Edmund
  4720 | D:6      | Reached XP level 9. HP: 69/69 MP: 12/12
  4773 | D:6      | Reached * piety under Qazlal
  4802 | D:6      | Reached skill level 5 in Invocations
  5042 | D:6      | Found a sand-covered staircase.
  5055 | Ossuary  | Entered an ossuary
  5234 | Ossuary  | Reached ** piety under Qazlal
  5714 | D:7      | Reached XP level 10. HP: 79/79 MP: 14/14
  5724 | D:7      | Reached skill level 1 in Dodging
  5882 | D:7      | Noticed Jeremiah
  5887 | D:7      | Killed Jeremiah
  6241 | D:7      | Found a roughly hewn altar of Beogh.
  6273 | D:7      | Noticed Maurice
  6282 | D:7      | Killed Maurice
  6491 | D:7      | Found a transporter.
  6492 | D:7      | Found a transporter.
  6654 | D:8      | Found a snail-covered altar of Cheibriados.
  6727 | D:8      | Reached skill level 10 in Staves
  6753 | D:8      | Found Iresogg's Serpentskin Sales.
  6837 | D:8      | Reached XP level 11. HP: 87/87 MP: 15/15
  7419 | D:9      | Reached *** piety under Qazlal
  7483 | D:9      | Found a staircase to the Orcish Mines.
  7967 | D:9      | Found a burning altar of Makhleb.
  8210 | D:10     | Entered Level 10 of the Dungeon
  8265 | D:10     | Reached skill level 1 in Maces & Flails
  8302 | D:10     | Learned a level 3 spell: Fugue of the Fallen
  8862 | D:10     | Noticed a two-headed ogre
  9106 | D:10     | Reached XP level 12. HP: 88/96 MP: 17/17
  9460 | D:11     | Noticed Snorg
  9475 | D:11     | Killed Snorg
  9670 | D:11     | Reached skill level 10 in Armour
  9742 | D:11     | Found a runed translucent gate.
  9742 | D:11     | Found a runed translucent gate.
  9742 | D:11     | Found a runed translucent gate.
  9746 | D:11     | Noticed a centaur warrior
  9747 | D:11     | Noticed AutarchDCSS's ghost (journeyman DrCK)
  9857 | D:11     | Reached skill level 10 in Fighting
  9857 | D:11     | Reached **** piety under Qazlal
 10032 | D:11     | Found a staircase to the Lair.
 10290 | Lair:1   | Entered Level 1 of the Lair of Beasts
 10303 | Lair:1   | Reached skill level 5 in Maces & Flails
 10985 | Lair:1   | Noticed a five-headed hydra
 11003 | Lair:1   | Killed a five-headed hydra
 11629 | Lair:2   | Found a staircase to the Shoals.
 11965 | Lair:2   | Reached XP level 13. HP: 105/105 MP: 19/19
 12117 | Lair:2   | Noticed a six-headed hydra
 12127 | Lair:2   | Killed a six-headed hydra
 12868 | Lair:3   | Found a staircase to the Snake Pit.
 13135 | Lair:3   | Noticed an eight-headed hydra
 13147 | Lair:3   | Killed an eight-headed hydra
 13380 | Lair:3   | Noticed Urug
 13391 | Lair:3   | Killed Urug
 14286 | Lair:4   | Found a staircase to the Slime Pits.
 14287 | Lair:4   | Found a viscous altar of Jiyva.
 14333 | Lair:4   | Reached skill level 10 in Maces & Flails
 14763 | Lair:4   | Reached XP level 14. HP: 115/115 MP: 20/20
 14883 | Lair:5   | Entered Level 5 of the Lair of Beasts
 15011 | Lair:5   | Reached skill level 5 in Dodging
 15201 | Lair:5   | Reached ***** piety under Qazlal
 17216 | Orc:1    | Entered Level 1 of the Orcish Mines
 17249 | Orc:1    | Reached XP level 15. HP: 70/124 MP: 5/21
 17560 | Orc:1    | Found a roughly hewn altar of Beogh.
 17720 | Orc:2    | Entered Level 2 of the Orcish Mines
 17738 | Orc:2    | Noticed an orc warlord
 17756 | Orc:2    | Killed an orc warlord
 18065 | Orc:2    | Found a staircase to the Elven Halls.
 18237 | Orc:1    | Identified a scroll of acquirement
 18298 | Orc:2    | Found a runed translucent door.
 18302 | Orc:2    | Noticed olddryhag's ghost (journeyman MDFE)
 18418 | Orc:2    | Reached skill level 5 in Shields
 18654 | Orc:2    | Gained mutation: You are robust. (+10% HP) [a neqoxec]
 18743 | Orc:2    | Found Juhonn's Armour Shoppe.
 18743 | Orc:2    | Found Wawot's Antique Weapon Shoppe.
 18749 | Orc:2    | Found Akhul's Magic Scroll Boutique.
 18749 | Orc:2    | Found Peladutag's General Store.
 18800 | Orc:2    | Bought a scroll of enchant weapon for 97 gold pieces
 18816 | Orc:2    | Bought a polished great mace for 356 gold pieces
 18816 | Orc:2    | Identified the +1 great mace of the Salmon {vamp, rC++}
                  | (You bought it in a shop on level 2 of the Orcish Mines)
 19594 | D:12     | Reached skill level 10 in Invocations
 19917 | D:12     | Reached skill level 10 in Shields
 19917 | D:12     | Reached XP level 16. HP: 144/144 MP: 22/24
 19918 | D:12     | Reached XP level 17. HP: 150/150 MP: 22/25
 19975 | D:13     | Noticed Kirke
 19991 | D:13     | Killed Kirke
 20040 | D:13     | Acquired a manual of Dodging
 20153 | D:13     | Killed from afar by an ironbound thunderhulk

Illustrated notes

Levels and vault maps discovered:
D:1:      eino_arrival_tree_alley, layout_basic
D:2:      layout_basic
D:3:      layout_loops_ring, grunt_temple_overflow_diamond,
          mainiacjoe_overflow_brackets, nicolae_qazlal_beasts_of_the_sky,
          ebering_ecumenical_altar_abandoned, minmay_distorted
D:4:      layout_basic, mainiacjoe_overflow_alcove_4,
          minmay_temple_entry_mini_moons, serial_co_window_serial,
          co_window_cross_1, co_window_paths_a, co_window_paths_b,
          co_window_of_opportunity_a, co_window_of_opportunity_a,
          co_window_paths_b, co_window_broadway_b, co_window_broadway_c,
          co_window_unsneaky_path_e, co_window_4corner_b, glass_columns_a,
          glass_columns_a, glass_columns_b, glass_columns_b, uniq_pikel
D:5:      layout_loops_ring, uniq_crazy_yiuf_cottage, uniq_edmund
D:6:      layout_loops_cross, enter_ossuary_1
D:7:      gammafunk_beogh_shrine, layout_loops_ring, uniq_maurice, uniq_jeremiah
D:8:      layout_rooms, kennysheep_slug_shrine, guppyfry_shop_venom
D:9:      layout_irregular_city, makhleb_altar_promises_db, erik_orc_4
D:10:     hellmonk_destroyed_diamonds, layout_cave_pods
D:11:     layout_basic, lair_entry_dummy, gammafunk_ghost_split, uniq_snorg
D:12:     layout_loops_ring, cheibrodos_lost_city_excavation
D:13:     gargoyle_guard, layout_small_grid, hellmonk_vaults_keyhole,
          uniq_sonja, uniq_kirke, uniq_erolcha
Temple:   minmay_temple_curvy_branch
Lair:1:   layout_big_grid, infiniplex_staircase_pool_2, serial_bayou_shore_a
Lair:2:   layout_cave_pods, shoals_dummy_entry, disabler_island
Lair:3:   layout_long_grid, dummy_snake_entry, lemuel_fruit_fields, uniq_urug
Lair:4:   layout_cave_shapes, slime_entry_1, serial_bayou_pond_e,
          chequers_serial_rivers_micro_d
Lair:5:   guppyfry_lair_end_dragon, layout_gridlike, wormcave, serial_rivers,
          chequers_serial_rivers_micro_b, chequers_serial_rivers_micro_e,
          chequers_serial_rivers_micro_d, chequers_serial_rivers_room_b
Orc:1:    layout_caves, bh_open_orc_temple
Orc:2:    st_orc_elflike, layout_diamond_mine, ebering_ghost_inner_flame

Skill      XL: |  1  2  3  4  5  6  7  8  9 10 11 12 13 14 15 16 |
---------------+-------------------------------------------------+-----
Staves         | 3 4 6 7 8 10 11 | 11.4
Fighting       | 4 5 6 7 8 9 10 12 13 | 13.7
Armour         | 4 5 6 7 8 9 10 12 13 | 13.5
Invocations    | 1 3 4 6 8 10 11 | 11.8
Dodging        | 3 4 5 |  5.4
Maces & Flails | 2 7 10 12 13 | 13.3
Shields        | 10 12 | 12.7

Action                     |  1- 3 |  4- 6 |  7- 9 | 10-12 | 13-15 | 16-18 || total
---------------------------+-------+-------+-------+-------+-------+-------++-------
  Melee: Quarterstaff      |    99 |   138 |   214 |   389 |       |       ||   840
         Unarmed           |       |       |     6 |       |       |       ||     6
         Whip              |       |       |    12 |       |       |       ||    12
         Great mace        |       |       |       |   109 |   760 |    64 ||   933
 Invoke: Upheaval          |       |       |       |     8 |     4 |     1 ||    13
         Elemental Force   |       |       |       |     2 |     3 |       ||     5
         Disaster Area     |       |       |       |       |     2 |       ||     2
Ability: Dig               |       |       |       |       |     6 |       ||     6
  Evoke: Wand              |       |       |       |     2 |     1 |     1 ||     4
    Use: Scroll            |     3 |     3 |    11 |    10 |     9 |     1 ||    37
         Potion            |       |     1 |     2 |     4 |     3 |     2 ||    12
   Stab: Confused          |       |       |     3 |     1 |       |       ||     4
         Distracted        |       |       |       |     1 |       |       ||     1
         Petrifying        |       |       |       |     1 |       |       ||     1
         Petrified         |       |       |       |     1 |       |       ||     1
         Paralysed         |       |       |       |       |     2 |       ||     2
         Invisible         |       |       |       |       |     7 |       ||     7
 Armour: Scale mail        |    74 |   101 |    30 |       |       |       ||   205
         Skin              |       |       |     1 |       |       |       ||     1
         Chain mail        |       |       |    98 |   315 |       |       ||   413
         Plate armour      |       |       |       |    44 |   567 |    81 ||   692
  Dodge: Dodged            |    52 |    68 |    57 |   180 |   231 |    24 ||   612
         Repelled          |       |       |       |    10 |    21 |     1 ||    32
  Block: Buckler           |    34 |    51 |    52 |   254 |   343 |       ||   734
         Kite shield       |       |       |       |       |   175 |    83 ||   258
   Form: Beast             |       |     1 |       |       |       |       ||     1
                           |       |       |     1 |       |       |       ||     1

Table legend: (Time is in decaauts)
 A = Elapsed time spent in this place.
 B = Non-inter-level travel time spent in this place.
 C = Inter-level travel time spent in this place.
 D = Time resting spent in this place.
 E = Time spent auto-exploring this place.
 F = Levels seen in this place.
 G = Mean time per level.
                   A        B        C        D        E       F      G
               +--------+--------+--------+--------+--------+-----+--------+
         Total |  20222 |  19196 |   1026 |    533 |  14678 |  22 |  919.2 |
       Dungeon |  11160 |  10593 |    567 |    157 |   8321 |  13 |  858.5 |
        Temple |      1 |      1 |      0 |      0 |      0 |   1 |    1.0 |
          Lair |   6990 |   6597 |    393 |    170 |   5167 |   5 | 1398.0 |
  Orcish Mines |   1756 |   1690 |     66 |    206 |   1069 |   2 |  878.0 |
       Ossuary |    313 |    313 |      0 |      0 |    121 |   1 |  313.0 |
               +--------+--------+--------+--------+--------+-----+--------+

Top non-repeatable levels by time:
  Lair:5: 2223 daAuts
  Lair:2: 1329 daAuts
  Lair:1: 1320 daAuts
     D:4: 1271 daAuts
    D:10: 1233 daAuts
  Lair:3: 1204 daAuts
     D:3: 1072 daAuts
   Orc:2: 1011 daAuts
     D:9: 984 daAuts
    D:12: 974 daAuts
  Lair:4: 912 daAuts
     D:7: 909 daAuts
     D:5: 866 daAuts
    D:11: 864 daAuts
     D:6: 757 daAuts
